Map: Mech Depot LE

Players

CarnageHd

  • Race: Zerg Zerg
  • Spawn Location: 7:00

Winthrowe - Winner!

  • Race: Terran Terran
  • League: Silver
  • Spawn Location: 1:00

VOD

Have the link to the VOD?

Description

Time

  • Played on: Aug. 19, 2017, 4:10 p.m.
  • Length: 16:12
Show
View Real Time Build Order
Export as new Build Order

CarnageHd Zerg 

Build Orders: Hatch First 

Get SALT Encoding   

  12  0:05  Drone  
  13  0:14  Overlord  
  13  0:20  Drone  
  14  0:38  Drone x3  
  17  0:55  Drone  
  18  1:07  Hatchery  
  17  1:14  Drone  
  17  1:15  Drone  
  19  1:23  Spawning Pool  
  19  1:24  Extractor, Drone  
  18  1:33  Drone  
  19  1:48  Drone  
  20  1:58  Drone  
  21  2:07  Drone  
  22  2:15  Overlord  
  22  2:19  Queen  
  24  2:25  Queen  
  24  2:26  Drone  
  27  2:30  Drone  
  27  2:32  Metabolic Boost  
  28  2:37  Drone  
  28  2:43  Drone x2  
  31  2:55  Drone  
  31  2:58  Drone  
  32  2:59  Zergling x2  
  33  3:06  Baneling Nest  
  33  3:11  Evolution Chamber  
  31  3:13  Evolution Chamber  
  31  3:15  Zergling x6  
  33  3:21  Zergling x2  
  33  3:25  Zergling x2  
  35  3:34  Zergling x2  
  36  3:36  Overlord  
  36  3:39  Zerg Melee Weapons Level 1  
  36  3:56  Drone x7  
  36  4:00  Overlord  
  42  4:08  Zergling x2  
  43  4:14  Zergling x2  
  44  4:19  Overlord  
  44  4:21  Zergling x10  
  49  4:28  Baneling  
  49  4:29  Baneling x4  
  49  4:31  Zergling x2  
  49  4:32  Zergling x2  
  51  4:39  Drone  
  51  4:44  Roach Warren  
  51  4:46  Extractor  
  51  4:48  Zergling x2  
  51  4:49  Drone x6  
  55  5:12  Zergling x2  
  55  5:13  Drone x3  
  59  5:15  Overlord x3  
  59  5:33  Queen x2  
  59  5:38  Hatchery  
  49  5:46  Roach x3  
  49  5:47  Roach x3  
  59  6:09  Roach x3, Zergling x2  
  66  6:20  Roach x4  
  74  7:03  Roach x3  
  74  7:04  Roach x5  
  74  7:08  Overlord  
  90  7:28  Extractor  
  89  7:30  Extractor, Lair  
  89  7:34  Zerg Missile Weapons Level 1  
  88  7:41  Zergling x12  
  88  7:42  Zergling x8  
  98  7:45  Overlord x2  
  98  7:50  Burrow  
  98  8:25  Roach  
  98  8:26  Roach x5  
  101  8:31  Drone x4  
  101  8:32  Drone x2  
  87  8:45  Roach  
  87  8:46  Roach x2  
  69  8:54  Spine Crawler  
  69  8:55  Spine Crawler x2  
  51  8:57  Roach x3, Spine Crawler  
  51  9:00  Queen  
  54  9:06  Roach x3  
  60  9:13  Queen  
  62  9:27  Roach x3  
  62  9:28  Roach x3  
  74  9:37  Roach x2  
  74  9:38  Roach  
  78  9:44  Roach x3  
  70  9:54  Roach x3  
  65  10:05  Roach x3  
  52  10:15  Spine Crawler  
  52  10:19  Spine Crawler  
Show
View Real Time Build Order
Export as new Build Order

Winthrowe Terran - Winner!

Build Orders: MMM Bio 

Get SALT Encoding   

  12  0:02  SCV  
  14  0:14  SCV  
  14  0:26  SCV, Supply Depot  
  15  0:38  Refinery  
  15  0:47  SCV  
  16  0:50  Barracks  
  16  0:59  SCV  
  17  1:11  SCV  
  18  1:23  SCV  
  19  1:36  SCV  
  19  1:37  Supply Depot  
  20  1:48  SCV  
  21  1:54  Command Center  
  21  1:58  Marine  
  21  2:00  SCV  
  23  2:09  Engineering Bay  
  23  2:12  SCV  
  23  2:14  Refinery  
  24  2:24  SCV  
  25  2:36  SCV  
  26  2:47  Barracks Tech Lab  
  26  3:05  Barracks  
  26  3:15  Combat Shields  
  26  3:26  Marauder  
  28  3:43  Engineering Bay  
  28  3:47  Marauder  
  30  3:50  Planetary Fortress  
  30  3:57  SCV  
  31  4:08  Marauder  
  31  4:09  SCV  
  34  4:22  SCV  
  35  4:27  SCV  
  35  4:30  Marauder  
  38  4:33  Concussive Shells  
  38  4:35  Orbital Command  
  38  4:39  SCV  
  38  4:40  Barracks Reactor  
  39  4:51  SCV, Marauder  
  42  4:54  Factory  
  42  5:03  SCV  
  43  5:08  Supply Depot  
  43  5:13  SCV, Marauder  
  46  5:17  Stimpack  
  46  5:29  Supply Depot  
  46  5:30  Supply Depot, SCV x2  
  46  5:34  Marauder  
  50  5:42  SCV x2  
  47  5:53  Supply Depot  
  47  5:54  SCV, Supply Depot  
  47  5:55  Marauder  
  50  5:59  Starport  
  50  6:06  Factory Reactor  
  50  6:12  Marine x2  
  50  6:17  Supply Depot, Marauder  
  54  6:24  Terran Infantry Weapons Level 1  
  54  6:25  Armory  
  54  6:26  Terran Infantry Armor Level 1  
  54  6:30  Marine x2  
  56  6:37  Medivac  
  56  6:38  Marauder  
  60  6:45  Hellion x2  
  64  6:47  Marine  
  64  6:48  Marine  
  66  6:59  Marauder  
  68  7:05  Marine  
  68  7:06  Marine, Hellion x2  
  68  7:07  Medivac  
  76  7:21  Marauder  
  78  7:25  Marine x2  
  78  7:28  Hellion x2  
  84  7:42  Marauder  
  84  7:43  Marine x2  
  88  7:46  Supply Depot  
  88  7:49  Hellion  
  90  7:53  Hellion  
  90  7:57  Medivac  
  94  8:07  Marine x2  
  94  8:08  Marauder  
  94  8:09  Supply Depot  
  98  8:17  Hellion  
  100  8:25  Marine x2  
  100  8:29  Marauder  
  100  8:31  Supply Depot  
  98  8:43  Marine x2  
  94  8:50  Marauder  
  94  8:52  Hellion  
  94  8:53  Hellion  
  94  8:54  Supply Depot  
  99  8:59  Medivac  
  99  9:00  Marine x2  
  103  9:12  Marauder  
  103  9:14  Hellion x2  
  109  9:18  Marine x2  
  111  9:33  Marauder  
  111  9:35  Hellion  
  111  9:36  Marine x2  
  105  9:54  Marine x2, Marauder  
  107  10:05  Hellion x2  
  107  10:06  Medivac  
  111  10:12  Marine x2  
  113  10:15  Marine  
  114  10:26  Hellion x2  
  116  10:29  Marine x2  
  116  10:34  Marauder  
  116  10:36  Medivac  
  116  10:47  Marine x2, Hellion  
  116  10:48  Hellion  
  116  10:55  Marauder  
Tags
 
Composition
MMM Bio
League
Silver
Matchup
TvZ
Spawn Locations
Cross Positions
Add a new tag
Caveats
  • Supply blocks, unpowered buildings, or Contaminate may cause inaccurate times.
  • Supply counts are checked every 10 seconds.